 Dungeon Crawl Stone Soup version 0.27.1-34-g3ba077fa99 (webtiles) character file.

Game seed: 12988232947263898855

2 cbfl8 the Sneak (level 1, -2/19 HPs)
             Began as a Minotaur Delver on Jan 20, 2022.
             Slain by a sky beast (5 damage)
             ... on level 2 of the Dungeon.
             The game lasted 00:00:27 (220 turns).

cbfl8 the Sneak (Minotaur Delver)                    Turns: 220, Time: 00:00:27

Health: -2/19      AC:  5    Str: 16    XL:     1   Next: 33%
Magic:  0/0        EV: 11    Int:  7    God:
Gold:   16         SH:  0    Dex: 11    Spells: 0/0 levels left

rFire    . . .     SeeInvis .   a - +0 hand axe
rCold    . . .     Faith    .   (no shield)
rNeg     . . .     Spirit   .   h - +0 ring mail
rPois    .         Reflect  .   (helmet restricted)
rElec    .         Harm     .   (no cloak)
rCorr    .         Rampage  .   (no gloves)
Will     .....                  (no boots)
Stlth    ++........             (no amulet)
HPRegen  0.06/turn              (no ring)
MPRegen  0.07/turn              (no ring)

@: no status effects
A: horns 2, retaliatory headbutt
a: no special abilities


You were on level 2 of the Dungeon.
You visited 1 branch of the dungeon, and saw 4 of its levels.

You collected 16 gold pieces.

Inventory:

Hand Weapons
 a - a +0 hand axe (weapon)
Armour
 b - a +0 leather armour
 h - a +0 ring mail (worn)
Wands
 g - a wand of digging (3)
Scrolls
 c - a scroll of fog
 d - a scroll of magic mapping
 e - a scroll of fear
Potions
 f - a potion of haste
 i - a potion of curing {unknown}


   Skills:
 + Level 3.6 Fighting
 + Level 2.4 Axes
 + Level 2.2 Dodging
 + Level 4.2 Stealth


You couldn't memorise any spells.
You didn't know any spells.
Your spell library was empty.

Dungeon Overview and Level Annotations

Branches:
Dungeon (5/15)
 Temple: D:4-7

Altars:


Innate Abilities, Weirdness & Mutations

You have a pair of horns on your head.
You reflexively headbutt those who attack you in melee.


Message History

You are frozen.
You hit the endoplasm. You headbutt the endoplasm.
The endoplasm is severely wounded.
The endoplasm closely misses you. You furiously retaliate!
You headbutt the endoplasm, but do no damage.
The endoplasm hits you but does no damage.
You barely miss the endoplasm. You headbutt the endoplasm.
You kill the endoplasm!
You start resting.
HP restored.
You open the door.
A sky beast comes into view.
There is an open door here.
A ball python comes into view.
Found a stone staircase leading up.
Found a stone staircase leading up.
The ball python hisses angrily.
The sky beast closely misses you. You furiously retaliate!
You headbutt the sky beast. The sky beast hits you. The sky beast shocks you.
The ball python closely misses you. The ball python grabs you.
The ball python constricts you.
You hit the ball python. You headbutt the ball python.
You kill the ball python!
You closely miss the sky beast.
The sky beast hits you but does no damage.
The sky beast barely misses you. The sky beast hits you.
The sky beast shocks you.
* * * LOW HITPOINT WARNING * * *
There is a stone staircase leading up here.
The sky beast barely misses you.
You climb upwards.
Found an escape hatch in the ceiling.
There is a stone staircase leading down here.
You hit the sky beast.
The sky beast is moderately wounded.
The sky beast hits you.
* * * LOW HITPOINT WARNING * * *
The sky beast shocks you.
You die...

######...
#@Y......
##.......
..#####
..# ...
#.## .#
<.


You could see a sky beast.

Vanquished Creatures
  A ball python (D:3)
  An endoplasm (D:3)
2 creatures vanquished.

Notes
Turn   | Place    | Note
-------+----------+-------------------------------------------
     0 | D:5      | cbfl8 the Minotaur Delver began the quest for the Orb.
     0 | D:5      | Reached XP level 1. HP: 19/19 MP: 0/0
    62 | D:4      | Noticed an orc priest
   204 | D:3      | Noticed a sky beast
   220 | D:2      | Slain by a sky beast

Illustrated notes

Levels and vault maps discovered:
D:2:      layout_basic, basic_ecumenical_altar, basic_altar, uniq_terence
D:3:      layout_loops_ring, minmay_gold_behind_fungi,
          amcnicky_mini_corridor_feature, solitary_fountain, grunt_ministairs_5
D:4:      layout_loops_cross, serial_shops, shop, minmay_starry_boxes
D:5:      layout_loops_cross, kennysheep_mini, minmay_temple_entry_glassed_door,
          serial_shops, kennysheep_mini_moat

Action                   || total
-------------------------++-------
Melee: Hand axe          ||     4
       Headbutt          ||     3
Armor: Ring mail         ||     2
Dodge: Dodged            ||     6
